 Dungeon Crawl Stone Soup version 0.27-a0-767-g00efbec225 (webtiles) character file.

Game seed: 17059782206176893614

54 Aggronaut the Insei (level 3, -13/28 HPs)
             Began as a Draconian Transmuter on Mar 25, 2021.
             Mangled by Crazy Yiuf
             ... wielding a +3 quarterstaff of chaos
              (18 damage)
             ... on level 2 of the Dungeon.
             The game lasted 00:04:56 (2498 turns).

Aggronaut the Insei (Draconian Transmuter)          Turns: 2498, Time: 00:04:57

Health: -13/28     AC:  5    Str: 12    XL:     3   Next: 66%
Magic:  7/15       EV: 11    Int: 13    God:
Gold:   102        SH:  3    Dex: 12    Spells: 0/6 levels left

rFire    . . .     SeeInvis .     - Unarmed
rCold    . . .     Faith    .   a - +0 buckler
rNeg     . . .     Spirit   .   (armour unavailable)
rPois    .         Reflect  .   (helmet restricted)
rElec    .         Harm     .   (no cloak)
rCorr    .         Rampage  .   (no gloves)
Will     .....                  (no boots)
Stlth    +.........             b - amulet of the acrobat
HPRegen  0.09/turn              c - ring of magical power
MPRegen  0.14/turn              (no ring)

@: no status effects
A: AC +5, unfitting armour, cold-blooded
a: no special abilities


You were on level 2 of the Dungeon.
You visited 1 branch of the dungeon, and saw 2 of its levels.

You collected 102 gold pieces.

Inventory:

Missiles
 f - 4 atropa-tipped darts
 h - 2 datura-tipped darts
Armour
 a - a +0 buckler (worn)
Jewellery
 b - an amulet of the acrobat (around neck)
 c - a ring of magical power (right hand)
 e - a ring of willpower
Scrolls
 j - a scroll of enchant weapon {unknown}
Potions
 g - a potion of lignification
 i - a potion of invisibility


   Skills:
 - Level 1.1 Fighting
 - Level 1.7 Dodging
 + Level 1.1 Shields
 * Level 4.1 Unarmed Combat
 - Level 2.0 Spellcasting
 + Level 2.6 Transmutations


You couldn't memorise any spells.
You knew the following spells:

 Your Spells              Type           Power      Damage    Failure   Level
a - Beastly Appendage     Tmut           16%        N/A       13%         1
b - Spider Form           Tmut/Pois      2%         N/A       54%         3
c - Blink                 Tloc           N/A        N/A       50%         2

Your spell library contained the following spells:

 Spells                   Type           Power      Damage    Failure   Level
 Wereblood                Tmut           8%         N/A       19%         2
 Magic Dart               Conj           4%         1d3       36%         1
 Call Imp                 Summ           1%         N/A       50%         2
 Slow                     Hex            1%         N/A       50%         2
 Conjure Flame            Conj/Fire      1%         6-21      73%         3
 Mephitic Cloud           Conj/Pois/Air  1%         N/A       73%         3
 Ice Form                 Ice/Tmut       4%         N/A       91%         4
 Blade Hands              Tmut           4%         N/A       98%         5


Dungeon Overview and Level Annotations

Branches:
Dungeon (2/15)

Altars:

Annotations:
D:2 Crazy Yiuf


Innate Abilities, Weirdness & Mutations

Your plain brown scales are hard. (AC +5)
You cannot fit into any form of body armour.
You are cold-blooded and may be slowed by cold attacks.


Message History

A kobold is nearby!
The kobold misses you.
You closely miss the kobold. The kobold hits you with a +0 club.
You hit the kobold.
You kill the kobold!
Things that are here:
a +0 club; 5 stones HP restored.
Found 15 stones.
Found a mace.
Found a runed translucent door.
Crazy Yiuf shouts!
Crazy Yiuf whimpers, "Mountain sallow bush!"
As you read the scroll labelled VOAPRI CIDEJU, it crumbles to dust.
It is a scroll of identify.
g - a potion of lignification
As you read the scroll of identify, it crumbles to dust.
i - a potion of invisibility Crazy Yiuf cries, "Defame canine seventy!"
You open the door. You closely miss Crazy Yiuf.
Crazy Yiuf hits you with a +3 quarterstaff of chaos.
Crazy Yiuf burns you.
You closely miss Crazy Yiuf. Crazy Yiuf barely misses you.
You closely miss Crazy Yiuf. Crazy Yiuf misses you.
You barely miss Crazy Yiuf.
You tail-slap Crazy Yiuf, but do no damage.
Crazy Yiuf hits you with a +3 quarterstaff of chaos!
Ouch! That really hurt!
* * * LOW HITPOINT WARNING * * *
You feel your power leaking away.
You hit Crazy Yiuf.
Crazy Yiuf is moderately wounded.
Crazy Yiuf hits you with a +3 quarterstaff of chaos.
* * * LOW HITPOINT WARNING * * *
You hit Crazy Yiuf but do no damage.
Crazy Yiuf is lightly wounded.
Crazy Yiuf says, "East!
Hack rumpyflump turtle."
Crazy Yiuf hits you with a +3 quarterstaff of chaos!!
Ouch! That really hurt!
You die...

.....###.##
....###...# ....#
#...# ....# #.###
....# #.# .[..# #.#
..### #.##♣♣ **### ..#
##....♣ ♣♣#..)# ..#
#.....♣♣♣♣♣@g...#
..####.......♣..♣#...#
............♣.♣♣♣**###
.#####..##♣♣♣♣♣
........# .#####.##
.#####.# .......#
########


You could see Crazy Yiuf.

Vanquished Creatures
  An adder (D:2)
  An adder skeleton (D:2)
  3 bats
  3 endoplasms
  2 giant cockroaches
  4 goblins
  3 hobgoblins
  6 jackals
  2 quokkas (D:1)
  3 ball pythons (D:1)
  4 frilled lizards
  3 kobolds
  4 rats
39 creatures vanquished.

Notes
Turn   | Place    | Note
-------+----------+-------------------------------------------
     0 | D:1      | Aggronaut the Draconian Transmuter began the quest for the
                  | Orb.
     0 | D:1      | Reached XP level 1. HP: 16/16 MP: 3/3
   171 | D:1      | Reached XP level 2. HP: 16/23 MP: 5/5
  1461 | D:2      | Reached XP level 3. HP: 22/28 MP: 6/6
  1756 | D:2      | Reached skill level 1 in Shields
  2136 | D:2      | Reached skill level 4 in Unarmed Combat
  2332 | D:2      | Learned a level 3 spell: Spider Form
  2335 | D:2      | Learned a level 2 spell: Blink
  2482 | D:2      | Found a runed translucent door.
  2483 | D:2      | Noticed Crazy Yiuf
  2498 | D:2      | Mangled by Crazy Yiuf

Illustrated notes

Levels and vault maps discovered:
D:1:      scummos_arrival_hexagon, layout_basic, st_stairs_5, minmay_tripent
D:2:      layout_loops_cross, wander_ebering_terrifying_dragon_lair,
          uniq_crazy_yiuf_cottage

Skill      XL: |  1  2  3 |
---------------+----------+-----
Shields        | 1 |  1.1
Unarmed Combat | 4 |  4.1
Fighting       | |  1.1
Dodging        | |  1.7
Spellcasting   | |  2.0
Transmutations | |  2.6

Action                   || total
-------------------------++-------
Melee: Unarmed           ||   136
       Tailslap          ||    15
  Use: Scroll            ||     5
 Stab: Sleeping          ||     1
Armor: Skin              ||    26
Dodge: Dodged            ||   103
Block: Buckler           ||     6

Table legend: (Time is in decaauts)
 A = Elapsed time spent in this place.
 B = Non-inter-level travel time spent in this place.
 C = Inter-level travel time spent in this place.
 D = Time resting spent in this place.
 E = Time spent auto-exploring this place.
 F = Levels seen in this place.
 G = Mean time per level.
                   A        B        C        D        E       F      G
               +--------+--------+--------+--------+--------+-----+--------+
         Total |   2497 |   2448 |     49 |    739 |   1284 |   2 | 1248.5 |
       Dungeon |   2497 |   2448 |     49 |    739 |   1284 |   2 | 1248.5 |
               +--------+--------+--------+--------+--------+-----+--------+

Top non-repeatable levels by time:
     D:1: 1412 daAuts
     D:2: 1085 daAuts
